 Dungeon Crawl Stone Soup version 0.21.1-1-g345015f (webtiles) character file.

55 Monsterracer the Conjurer (level 3, 0/26 HPs)
             Began as a Draconian Wizard on July 10, 2018.
             Slain by an orc
             ... wielding a +0 club
              (4 damage)
             ... on level 3 of the Dungeon.
             The game lasted 00:07:53 (1896 turns).

Monsterracer the Conjurer (Draconian Wizard)        Turns: 1896, Time: 00:07:54

Health: 0/26       AC:  7    Str:  9    XL:     3   Next: 67%
Magic:  0/7        EV: 12    Int: 19    God:
Gold:   76         SH:  0    Dex:  9    Spells: 0/8 levels left

rFire    . . .     SeeInvis .   o - +0 dagger
rCold    . . .     Gourm    .   (no shield)
rNeg     . . .     Faith    .   (armour unavailable)
rPois    .         Spirit   .   a - +0 hat
rElec    .         Reflect  .   (no cloak)
rCorr    .         Harm     .   i - +1 pair of gloves
MR       .....                  (no boots)
Stlth    ++........             (no amulet)
HPRegen  0.08/turn              (no ring)
MPRegen  0.10/turn              (no ring)

@: no status effects
A: unfitting armour, cold-blooded, AC +5
a: no special abilities


You were on level 3 of the Dungeon.
You were very hungry.

You visited 1 branch of the dungeon, and saw 3 of its levels.

You collected 76 gold pieces.

Inventory:

Hand Weapons
 o - a +0 dagger (weapon)
Armour
 a - a +0 hat (worn)
 i - a +1 pair of gloves (worn)
Scrolls
 f - a scroll of magic mapping {unknown}
 h - a scroll of identify {unknown}
 k - a scroll of immolation {unknown}
 l - a scroll of amnesia {unknown}
 n - 2 scrolls of enchant weapon {unknown}
Potions
 d - 2 potions of mutation {unknown}
 e - a potion of ambrosia {unknown}
 g - a potion of haste {unknown}
 j - a potion of might {unknown}
 m - a potion of agility {unknown}
Books
 b - a book of Minor Magic

   Spells                             Type                      Level
   a - Magic Dart                     Conjuration                  1
   b - Blink                          Translocation                2
   c - Call Imp                       Summoning                    2
   d - Slow                           Hexes                        2
   e - Conjure Flame                  Conjuration/Fire             3
   f - Mephitic Cloud                 Conjuration/Poison/Air       3
Comestibles
 c - 4 rations


   Skills:
 - Level 1.7 Dodging
 - Level 1.7 Stealth
 - Level 3.0 Spellcasting
 + Level 3.6 Conjurations
 - Level 1.0 Summonings
 - Level 1.0 Translocations


You couldn't memorise any spells.
You knew the following spells:

 Your Spells              Type           Power        Failure   Level  Hunger
a - Magic Dart            Conj           ###.         3%          1    None
b - Conjure Flame         Conj/Fire      #.......     22%         3    ###....
d - Call Imp              Summ           #.......     16%         2    ##.....
e - Blink                 Tloc           N/A          16%         2    ##.....


Dungeon Overview and Level Annotations

Branches:
Dungeon (3/15)

Altars:


Innate Abilities, Weirdness & Mutations

Your plain brown scales are hard. (AC +5)
You cannot fit into any form of body armour.
You are cold-blooded and may be slowed by cold attacks.


Message History

The orc is almost dead.
The orc misses you.
You now have 0/7 mp.
Casting: Magic Dart
Confirm with . or Enter, or press ? or * to list all spells.
You don't have enough magic to cast that spell.
Unknown command.
Casting: Magic Dart
Confirm with . or Enter, or press ? or * to list all spells.
You don't have enough magic to cast that spell.
Casting: Magic Dart
Confirm with . or Enter, or press ? or * to list all spells.
You don't have enough magic to cast that spell.
Unknown command.
Unknown command.
Casting: Magic Dart
Confirm with . or Enter, or press ? or * to list all spells.
You don't have enough magic to cast that spell.
Unknown command.
You closely miss the orc.
The orc is almost dead.
A bat comes into view.
You hit the orc but do no damage.
You kill the orc!
You hit the orc.
The orc is lightly wounded.
The bat closely misses you. The bat barely misses you.
The orc hits you with a club.
You take 3 damage, and have 20/26 hp.
You closely miss the bat. The bat hits you. The orc hits you with a club.
You take 3 damage, and have 17/26 hp.
Casting: Magic Dart
Confirm with . or Enter, or press ? or * to list all spells.
Aiming: Magic Dart
Press: ? - help, Shift-Dir - straight line, f - bat
Aim: a bat You miscast Magic Dart.
You are very lightly contaminated with residual magic.
Sparks fly from your hands! The bat hits you but does no damage.
The orc hits you with a club.
You take 1 damage, and have 16/26 hp.
You now have 0/7 mp.
You closely miss the bat. The bat hits you but does no damage.
The bat barely misses you. The bat closely misses you.
The orc hits you but does no damage.
You barely miss the bat. The bat hits you but does no damage.
The bat closely misses you.
Found a scroll labeled BESECWOE JOAWYREA.
The bat completely misses you.
You closely miss the bat. The bat closely misses you.
The orc hits you with a club.
* * * LOW HITPOINT WARNING * * *
You take 4 damage, and have 12/26 hp.
You closely miss the orc. The bat misses you. The bat barely misses you.
The orc hits you but does no damage.
You hit the orc but do no damage. The bat closely misses you.
The orc closely misses you.
You hit the orc but do no damage. The bat hits you but does no damage.
The orc hits you with a club.
* * * LOW HITPOINT WARNING * * *
You take 4 damage, and have 8/26 hp.
Casting: Magic Dart
Confirm with . or Enter, or press ? or * to list all spells.
Aiming: Magic Dart
Press: ? - help, Shift-Dir - straight line, f/p - bat
Aim: a bat The magic dart hits the bat.
You kill the bat!
The orc hits you with a club.
* * * LOW HITPOINT WARNING * * *
You take 1 damage, and have 7/26 hp.
You now have 0/7 mp.
You are feeling very hungry.
You see here a scroll labeled BESECWOE JOAWYREA.
k - a scroll labeled BESECWOE JOAWYREA The orc hits you with a club.
* * * LOW HITPOINT WARNING * * *
You take 2 damage, and have 6/26 hp.
You hit the orc but do no damage. The orc barely misses you.
You completely miss the orc. The orc hits you with a club.
* * * LOW HITPOINT WARNING * * *
Unknown command.
You take 2 damage, and have 4/26 hp.
Casting: Magic Dart
Confirm with . or Enter, or press ? or * to list all spells.
Aiming: Magic Dart
Press: ? - help, Shift-Dir - straight line, f - orc
Aim: an orc, wielding a club and wearing a leather armour The magic dart hits the orc.
The orc is moderately wounded.
The orc barely misses you.
You now have 0/7 mp.
You closely miss the orc.
The orc is moderately wounded.
The orc hits you but does no damage.
You closely miss the orc.
The orc is moderately wounded.
Your magical contamination has completely faded away.
You closely miss the orc.
The orc is moderately wounded.
The orc hits you with a club.
You die...

########.#.#..(..%
#....).......#
#<######.#......#
#.# #.###.....#
#.# #.# #...##
###.### #.. .....
#.....# ### .###
#.....##### #
#.....oo@.#
#.....###.#
#.....# .# ######.
.# .. .# .. .. ..
.# .#


You could see 2 orcs.

Vanquished Creatures
  An adder (D:2)
  A worm (D:2)
  4 dart slugs
  A leopard gecko (D:1)
  3 orcs
  3 giant cockroaches
  4 hobgoblins
  6 bats
  A frilled lizard (D:1)
  A goblin (D:1)
  A kobold (D:1)
  6 rats
32 creatures vanquished.

Notes
Turn   | Place    | Note
-------+----------+-------------------------------------------
     0 | D:1      | Monsterracer the Draconian Wizard began the quest for the Orb.
     0 | D:1      | Reached XP level 1. HP: 14/14 MP: 4/4
   183 | D:1      | HP: 7/14 [dart slug/slug dart (6)]
   255 | D:1      | Reached XP level 2. HP: 14/20 MP: 3/6
   265 | D:1      | Learned a level 2 spell: Blink
   268 | D:1      | Learned a level 2 spell: Call Imp
   723 | D:2      | HP: 10/20 [worm (10)]
   733 | D:2      | HP: 5/20 [worm (4)]
   778 | D:2      | HP: 5/20 [hobgoblin/club (2)]
   867 | D:2      | HP: 7/20 [worm (4)]
   872 | D:2      | HP: 4/20 [dart slug/slug dart (3)]
  1098 | D:2      | Reached XP level 3. HP: 23/26 MP: 0/7
  1114 | D:2      | Learned a level 3 spell: Conjure Flame
  1350 | D:1      | You fall through a shaft!
  1404 | D:2      | Noticed a phantom
  1547 | D:2      | HP: 13/26 [phantom (7)]
  1553 | D:2      | HP: 7/26 [phantom (1)]
  1554 | D:2      | HP: 2/26 [phantom (5)]
  1880 | D:3      | HP: 12/26 [orc/club (4)]
  1887 | D:3      | HP: 6/26 [orc/club (2)]
  1892 | D:3      | HP: 4/26 [orc/club (2)]
  1896 | D:3      | Slain by an orc

Skill      XL: |  1  2 |
---------------+-------+-----
Conjurations   | 2 3 |  3.6
Dodging        | |  1.7
Stealth        | |  1.7
Spellcasting   | |  3.0
Summonings     | |  1.0
Translocations | |  1.0

Action                   || total
-------------------------++-------
Melee: Unarmed           ||    59
       Tailslap          ||     8
       Dagger            ||    34
 Cast: Magic Dart        ||   117
  Eat: Chunk             ||     2
Armor: Skin              ||    46
Dodge: Dodged            ||   100

Vault maps used:
D:1:      zelgadis_glass_arrival_small, serial_glass, glass_columns_a,
          glass_columns_b, glass_columns_a, glass_columns_c, glass_columns_b,
          glass_columns_b, glass_columns_b, glass_columns_a
D:2:      first_ration
D:3:      kennysheep_generic_room_12
